 Dungeon Crawl Stone Soup version 0.30-a0-802-gb92711bcdf (webtiles) character file.

Game seed: 1932838199915355427

192 sircluck the Sneak (level 6, -2/36 HPs)
             Began as a Kobold Brigand on Feb 22, 2023.
             Slain by Edmund
             ... wielding a +3 dire flail of protection
              (9 damage)
             ... on level 4 of the Dungeon on Feb 23, 2023.
             The game lasted 00:04:37 (1923 turns).

sircluck the Sneak (Kobold Brigand)                 Turns: 1923, Time: 00:04:37

Health: -2/36      AC:  4    Str:  9    XL:     6   Next: 2%
Magic:  6/6        EV: 14    Int: 12    God:
Gold:   39         SH:  0    Dex: 18    Spells: 5/5 levels left

rFire   . . .      SeeInvis .    a - +2 dagger
rCold   . . .      Faith    .    (no shield)
rNeg    . . .      Spirit   .    b - +0 robe
rPois   .          Reflect  .    o - +1 hat
rElec   .          Harm     .    c - +0 cloak
rCorr   .          Rampage  .    (no gloves)
Will    .....                    (no boots)
Stlth   +++++                    (no amulet)
HPRegen 0.26/turn                (no ring)
MPRegen 0.10/turn                (no ring)

@: no status effects
A: small, no large weapons, nightstalker 3
a: no special abilities


You were on level 4 of the Dungeon.
You visited 1 branch of the dungeon, and saw 4 of its levels.

You collected 39 gold pieces.

Inventory:

Hand Weapons
 a - a +2 dagger (weapon)
Missiles
 d - 3 poisoned darts (quivered)
 e - 3 curare-tipped darts
 q - 3 stones
Armour
 b - a +0 robe (worn)
 c - a +0 cloak (worn)
 o - a +1 hat (worn)
Scrolls
 j - a scroll of fear
 m - a scroll of fog {unknown}
 p - a scroll of enchant armour {unknown}
Potions
 g - 3 potions of heal wounds {unknown}
 k - a potion of haste {unknown}
 l - a potion of degeneration {unknown}
 n - a potion of invisibility {unknown}


   Skills:
 + Level 2.8 Fighting
 + Level 4.5 Short Blades
 + Level 3.0 Throwing
 + Level 1.6 Dodging
 + Level 7.5 Stealth


You had 5 spell levels left.
You didn't know any spells.
Your spell library contained the following spells:

 Spells                   Type           Power      Damage    Failure   Level
 Ensorcelled Hibernation  Hex/Ice        0%         N/A       45%         2
 Lesser Beckoning         Tloc           0%         N/A       45%         2
 Gell's Gravitas          Tloc           0%         N/A       69%         3
 Ignite Poison            Fire/Tmut/Pois 0%         N/A       69%         3
 Spider Form              Tmut/Pois      0%         N/A       69%         3
 Teleport Other           Tloc           0%         N/A       69%         3
 Anguish                  Hex/Necr       0%         N/A       97%         4
 Sticky Flame             Conj/Fire      0%         2d3       97%         4
 Ignition                 Fire           0%         3d3       100%        8


Dungeon Overview and Level Annotations

Branches:
Dungeon (4/15)
 Temple: D:4-7

Altars:

Shops:
D:1 [

Annotations:
D:4 Edmund


Innate Abilities, Weirdness & Mutations

You are small and have problems with some larger weapons.
You are completely attuned to the shadows.


Message History

d - 4 poisoned darts You hear the brisk rusting of a very distant drain.
You see here a hobgoblin corpse.
Edmund shouts!
You throw a poisoned dart. The poisoned dart hits Edmund!
Edmund is poisoned.
You see here a hobgoblin corpse.
You hear the brisk rusting of a very distant drain.
As you read the scroll labelled KILENW SERO, it crumbles to dust.
It is a scroll of identify.
j - a scroll of fear Saving game... please wait.
You hear the sound of rushing water.
There is an entrance to a sewer on this level.
Hurry and find it before the portal rusts away!
Level annotation: Edmund Welcome back, sircluck the Kobold Brigand.
Press ? for a list of commands and other information.
You hit Edmund but do no damage.
Edmund is lightly wounded.
You hit Edmund but do no damage.
Edmund is lightly wounded.
Edmund hits you with a +3 dire flail of protection!
You barely miss Edmund.
Edmund is lightly wounded.
Edmund closely misses you.
You hit Edmund but do no damage.
Edmund is lightly wounded.
Edmund hits you with a +3 dire flail of protection.
You hit Edmund but do no damage.
Edmund is lightly wounded.
You hit Edmund but do no damage.
Edmund is lightly wounded.
Edmund hits you with a +3 dire flail of protection!
You hit Edmund but do no damage.
Edmund is lightly wounded.
Edmund hits you with a +3 dire flail of protection!
* * * LOW HITPOINT WARNING * * *
You hit Edmund but do no damage. Your punch misses Edmund.
Edmund is lightly wounded.
Edmund hits you with a +3 dire flail of protection!
You die...

######## #..†.... #####
#.###### #...### #.# #
#.....###### #.# #
#...#.##...##############.#
#
##.##.##.......@@.........#
#
#)##.##...################
# #.##.###.## # #.##.# #)#
# ###.##.# #.# ....##.# #.#
######.# #.# ######.#####
.....>.....#


You could see Edmund.

Vanquished Creatures
  A phantom (D:4)
  Natasha (thrice) (D:1)
  An adder (D:4)
  A worm (D:4)
  A dart slug (D:4)
  2 endoplasms (D:1)
  4 goblins
  4 hobgoblins
  A quokka (D:1)
  5 ball pythons
  A bat (D:1)
  4 kobolds
  3 rats
31 creatures vanquished.

Vanquished Creatures (others)
  5 withered plants (D:1)
5 creatures vanquished.

Grand Total: 36 creatures vanquished

Notes
Turn   | Place    | Note
-------+----------+-------------------------------------------
     0 | D:1      | sircluck the Kobold Brigand began the quest for the Orb.
     0 | D:1      | Reached XP level 1. HP: 12/12 MP: 1/1
    42 | D:2      | Noticed Natasha
    53 | D:1      | Killed Natasha
    54 | D:1      | Reached skill level 6 in Stealth
    54 | D:1      | Reached XP level 2. HP: 6/17 MP: 2/2
    54 | D:1      | Reached XP level 3. HP: 8/21 MP: 3/3
   536 | D:1      | Noticed Natasha
   544 | D:1      | Killed Natasha
   545 | D:1      | Reached XP level 4. HP: 20/27 MP: 4/4
   662 | D:1      | Found Peynterr's Armour Shoppe.
   735 | D:1      | Noticed Natasha
   768 | D:1      | Killed Natasha
  1103 | D:1      | Found a faded altar of an unknown god.
  1550 | D:4      | Reached skill level 7 in Stealth
  1550 | D:4      | Reached XP level 5. HP: 18/31 MP: 5/5
  1662 | D:4      | Noticed a phantom
  1665 | D:4      | Killed a phantom
  1690 | D:4      | Reached XP level 6. HP: 36/36 MP: 6/6
  1701 | D:4      | Noticed an ogre
  1727 | D:4      | Noticed Edmund
  1916 | D:4      | Upgraded the game from 0.30-a0-800-g7c544603b3 to
                  | 0.30-a0-802-gb92711bcdf
  1923 | D:4      | Slain by Edmund

Illustrated notes

Levels and vault maps discovered:
D:1:      psy_arrival_whirlpool, layout_loops_ring,
          shapermc_ecumenical_altar_flowoftime, serial_shops,
          nicolae_square_shop
D:2:      layout_loops_ring, serial_shops, nicolae_shop_hallway_stairs,
          corexii_hall_statues_x, minmay_increasing_density, uniq_natasha,
          uniq_sigmund
D:3:      layout_rooms, uniq_robin, uniq_crazy_yiuf_cottage
D:4:      layout_loops_ring, portal_sewer_entry_e,
          chequers_serial_rivers_room_a, minmay_goblin_outpost, uniq_edmund

Skill      XL: |  1  2  3  4  5  6 |
---------------+-------------------+-----
Short Blades   | 3 4 |  4.5
Stealth        | 6 7 |  7.5
Throwing       | 3 |  3.0
Fighting       | |  2.8
Dodging        | |  1.6

Action                     |  1- 3 |  4- 6 || total
---------------------------+-------+-------++-------
  Melee: Dagger            |    34 |    92 ||   126
  Throw: Dart              |     1 |    23 ||    24
    Use: Scroll            |       |     4 ||     4
   Stab: Sleeping          |     7 |    10 ||    17
         Distracted        |       |     1 ||     1
 Armour: Robe              |     5 |     5 ||    10
  Dodge: Dodged            |    12 |    41 ||    53

Table legend: (Time is in decaauts)
 A = Elapsed time spent in this place.
 B = Non-inter-level travel time spent in this place.
 C = Inter-level travel time spent in this place.
 D = Time resting spent in this place.
 E = Time spent auto-exploring this place.
 F = Levels seen in this place.
 G = Mean time per level.
                   A        B        C        D        E       F      G
               +--------+--------+--------+--------+--------+-----+--------+
         Total |   1922 |   1836 |     86 |    154 |   1186 |   4 |  480.5 |
       Dungeon |   1922 |   1836 |     86 |    154 |   1186 |   4 |  480.5 |
               +--------+--------+--------+--------+--------+-----+--------+

Top non-repeatable levels by time:
     D:1: 1202 daAuts
     D:4: 468 daAuts
     D:2: 237 daAuts
     D:3: 13 daAuts
